 Dungeon Crawl Stone Soup version 0.17.0-56-gd8de76c (webtiles) character file.

254 mike2R the Conjurer (level 5, -4/40 HPs)
             Began as a Demigod Conjurer on Nov 20, 2015.
             Slain by a giant frog (6 damage)
             ... on level 3 of the Dungeon on Dec 4, 2015.
             The game lasted 00:53:02 (4617 turns).

mike2R the Conjurer (Demigod Conjurer)              Turns: 4617, Time: 00:53:02

Health: -4/40      AC:  3    Str: 11    XL:     5   Next: 59%
Magic:  9/11       EV: 13    Int: 21    God:
Gold:   154        SH:  0    Dex: 16    Spells: 3 memorised, 2 levels left

rFire  . . .     SeeInvis .     l - +1 short sword (flame)
rCold  . . .     Clarity  .     p - +0 robe
rNeg   . . .     SustAt   +     (no shield)
rPois  .         Gourm    .     (no helmet)
rElec  .         Spirit   .     k - +0 cloak
rCorr  .         Warding  .     (no gloves)
rMut   .         Stasis   .     (no boots)
MR     .....                    (no amulet)
Stlth  ++........               (no ring)
                                (no ring)

@: not resistant to hostile enchantments, unstealthy
A: high mp 1, sustain attributes
a: no special abilities


You were on level 3 of the Dungeon.
You were not hungry.

You visited 1 branch of the dungeon, and saw 3 of its levels.

You collected 154 gold pieces.

Inventory:

Hand Weapons
 a - a +1 dagger of venom
 c - a +0 dagger
 l - a +1 short sword of flaming (weapon)
 r - a +0 dagger
 w - a +0 dagger
 x - a +2 mace of holy wrath
 B - a +0 dagger
Missiles
 d - a tomahawk of returning
 e - a throwing net
 f - 5 needles of sleeping
 o - 3 needles of paralysis
 s - 5 poisoned tomahawks (quivered)
 y - 10 poisoned needles
 A - a javelin
 E - 2 tomahawks
Armour
 k - a +0 cloak (worn)
 p - a +0 robe (worn)
Wands
 u - a wand of disintegration (6)
Scrolls
 t - 2 scrolls of recharging
 D - a scroll of identify
Potions
 j - a potion of cure mutation {unknown}
 m - a potion of curing
 n - 3 potions of haste
 q - 2 potions of brilliance {unknown}
 v - a potion of agility {unknown}
 z - a potion of beneficial mutation {unknown}
Books
 b - a book of Conjurations

   Spells                             Type                      Level
   a - Magic Dart                     Conjuration                  1
   b - Searing Ray                    Conjuration                  2
   c - Dazzling Spray                 Conjuration/Hexes            3
   d - Fulminant Prism                Conjuration/Hexes            4
   e - Iskenderun's Mystic Blast      Conjuration                  4
   f - Iskenderun's Battlesphere      Conjuration/Charms           5
Comestibles
 g - a meat ration
 h - 2 bread rations
 i - 2 fruits
 F - 3 chunks of flesh


   Skills:
 * Level 1.2 Fighting
 + Level 1.2 Short Blades
 + Level 1.0 Maces & Flails
 * Level 3.3 Dodging
 - Level 1.7 Stealth
 * Level 2.6 Spellcasting
 * Level 4.6 Conjurations


You had 2 spell levels left.
You knew the following spells:

 Your Spells              Type           Power        Failure   Level  Hunger
a - Magic Dart            Conj           ###.         1%          1    None
b - Searing Ray           Conj           ###...       3%          2    ##.....
c - Iskenderun's Mystic   Conj           ###.....     24%         4    ####...


Dungeon Overview and Level Annotations

Branches:
Dungeon (3/15)


Innate Abilities, Weirdness & Mutations

You have an increased reservoir of magic (+10% MP).
Your attributes are resistant to harm.


Message History

The giant frog closely misses you. The giant frog barely misses you.
You miss the giant frog.
The giant frog is severely wounded.
The giant frog hits you.
You miss the giant frog.
The giant frog is severely wounded.
The giant frog hits you.
The giant frog hits you but does no damage.
You closely miss the giant frog.
The giant frog is severely wounded.
The giant frog hits you!
* * * LOW HITPOINT WARNING * * *
The giant frog hits you.
* * * LOW HITPOINT WARNING * * *
Read which item? (? for menu, Esc to quit)
As you read the scroll labeled MEGIQI TIGEU, it crumbles to dust.
You experience a momentary feeling of inescapable doom!
It was a scroll of random uselessness.
The giant frog misses you. The giant frog hits you.
You die...

***,,,,**,,,,,,,,,* *,,,,,
*,,,,,,,...#***,,** ***,,,
*,*,,,,,...****,.# *,,,
*,**,**,...,,,...# *,,,
*,**,***#$.,,,...# *,,,
****,***** #.####'#.####**,,*
*,,,,,,,,* #............,,,,*
*******#.###..........#*,..,*
#....@F........#*....,
######.........##....,
#....PPP≈PP≈PP..,
###.).≈≈♣P≈PP≈≈,.
#..≈P≈≈≈♣≈♣*≈≈≈
#.÷)≈P.≈≈≈♣♣≈≈P
#.......P≈P≈≈≈♣
#######..≈PP♣≈♣ #.......≈PP♣♣


You could see a giant frog.

Vanquished Creatures
  An orc priest (D:3)
  2 orc wizards (D:3)
  Terence (D:2)
  3 gnolls (D:1)
  2 adders (D:2)
  An ooze (D:1)
  2 worms
  8 orcs (D:3)
  2 giant cockroaches
  8 hobgoblins
  6 jackals
  14 kobolds
  A quokka (D:2)
  2 ball pythons (D:1)
  4 bats
  6 giant newts
  7 goblins
  8 rats
78 creatures vanquished.

Vanquished Creatures (others)
  An orc wizard (D:3)
1 creature vanquished.

Grand Total: 79 creatures vanquished

Notes
Turn   | Place    | Note
--------------------------------------------------------------
     0 | D:1      | mike2R the Demigod Conjurer began the quest for the Orb.
     0 | D:1      | Reached XP level 1. HP: 14/14 MP: 5/5
   193 | D:1      | Found a shattered altar of Ashenzari.
   392 | D:1      | Reached XP level 2. HP: 20/20 MP: 5/7
   396 | D:1      | Learned a level 2 spell: Searing Ray
   563 | D:1      | Reached skill level 4 in Conjurations
  1656 | D:1      | Reached XP level 3. HP: 18/26 MP: 1/8
  2107 | D:2      | Found a stormy altar of Qazlal.
  2368 | D:2      | Reached XP level 4. HP: 34/34 MP: 8/10
  2477 | D:2      | Found a white marble altar of Elyvilon.
  2504 | D:2      | Learned a level 4 spell: Iskenderun's Mystic Blast
  2596 | D:2      | Reached skill level 1 in Short Blades
  2928 | D:2      | Noticed Terence
  2933 | D:2      | Killed Terence
  3429 | D:3      | Reached skill level 1 in Fighting
  3429 | D:3      | Reached XP level 5. HP: 21/40 MP: 0/11
  4124 | D:3      | Reached skill level 1 in Maces & Flails
  4235 | D:3      | Upgraded the game from 0.17.0-26-gececa24 to 0.17.0-28-g6e173f8
  4235 | D:3      | Upgraded the game from 0.17.0-28-g6e173f8 to 0.17.0-56-gd8de76c
  4615 | D:3      | HP: 2/40 [giant frog (6)]
  4617 | D:3      | Slain by a giant frog

Action                   |  1- 3 |  4- 6 || total
-------------------------+-------+-------++-------
Melee: Unarmed           |     6 |       ||     6
       Dagger            |    22 |    23 ||    45
       Mace              |       |     9 ||     9
       Short sword       |       |    37 ||    37
Throw: Javelin           |     1 |     1 ||     2
       Throwing net      |       |     1 ||     1
       Tomahawk          |       |     4 ||     4
 Cast: Magic Dart        |    66 |    56 ||   122
       Searing Ray       |    30 |     4 ||    34
       Iskenderun's Myst |       |     9 ||     9
  Use: Scroll            |     2 |     6 ||     8
       Potion            |     1 |     1 ||     2
  Eat: Chunk             |     4 |     7 ||    11
       Bread ration      |     1 |       ||     1
       Fruit             |       |     2 ||     2
